 Dungeon Crawl Stone Soup version 0.29.0-4-gdea44cf6ec (webtiles) character file.

Game seed: 7679871144399049425

32 qw the Ruffian (level 3, -6/28 HPs)
             Began as a Ghoul Fire Elementalist on Aug 29, 2022.
             Mangled by a worm (10 damage)
             ... on level 2 of the Dungeon.
             The game lasted 00:01:22 (1279 turns).

qw the Ruffian (Ghoul Fire Elementalist)            Turns: 1279, Time: 00:01:22

Health: -6/28      AC:  3    Str: 13    XL:     3   Next: 27%
Magic:  4/4        EV: 11    Int: 10    God:
Gold:   49         SH:  0    Dex:  9    Spells: 4/5 levels left

rFire   . . .      SeeInvis .     - Unarmed
rCold   + . .      Faith    .   (no shield)
rNeg    + + +      Spirit   .   d - +0 leather armour
rPois   inf        Reflect  .   (no helmet)
rElec   .          Harm     .   (no cloak)
rCorr   .          Rampage  .   (no gloves)
Will    .....                   (no boots)
Stlth   +.........              (no amulet)
HPRegen 0.00/turn               (no ring)
MPRegen 0.09/turn               (no ring)

@: about to teleport, inhibited regen
A: claws 1, cold resistance 1, negative energy resistance 3, inhibited
regeneration, torment resistance 2, devour on kill
a: no special abilities


You were on level 2 of the Dungeon.
You visited 1 branch of the dungeon, and saw 2 of its levels.

You collected 49 gold pieces.


Innate Abilities, Weirdness & Mutations

You are immune to poison.
You have sharp fingernails.
Your flesh is cold resistant. (rC+)
You are immune to negative energy. (rN+++)
You do not regenerate when monsters are visible.
You are immune to unholy pain and torment.
You thrive by killing the living.


   Skills:
 - Level 1.1 Fighting
 - Level 1.7 Dodging
 - Level 2.1 Stealth
 + Level 2.7 Unarmed Combat
 - Level 1.7 Spellcasting
 - Level 0.7 Conjurations
 - Level 2.4 Fire Magic


You had 4 spell levels left.
You knew the following spells:

 Your Spells              Type           Power      Damage    Failure   Level
a - Foxfire               Conj/Fire      16%        2x1d4     22%         1

Your spell library contained the following spells:

 Spells                   Type           Power      Damage    Failure   Level
 Scorch                   Fire           10%        2d5       22%         2
 Conjure Flame            Conj/Fire      4%         6-21      54%         3
 Inner Flame              Hex/Fire       3%         N/A       58%         3
 Flame Wave               Conj/Fire      4%         2d5       91%         4

Inventory:

Armour
 d - a +0 leather armour (worn)
 e - a +0 ring mail
Scrolls
 a - a scroll of acquirement {unknown}
 c - a scroll of summoning {unknown}
Potions
 f - a potion of attraction {unknown}
 g - a potion of heal wounds {unknown}
 i - a potion of mutation {unknown}
 k - a potion of cancellation {unknown}
 m - a potion of curing {unknown}

Dungeon Overview and Level Annotations

Branches:
Dungeon (2/15)

Altars:


Message History

The goblin hits you but does no damage.
You scratch the goblin.
You kill the goblin!
You feel better.
You scratch the endoplasm but do no damage.
The endoplasm freezes you.
You are frozen.
You resist.
You scratch the endoplasm.
You kill the endoplasm!
You feel better.
You barely miss the rat. The rat closely misses you.
You scratch the rat.
You kill the rat!
You feel better.
You claw the worm!
The worm is heavily wounded.
You barely miss the worm.
The worm is heavily wounded.
The worm bites you!
You barely miss the worm.
The worm is heavily wounded.
You scratch the worm.
The worm is heavily wounded.
The worm bites you.
You scratch the worm.
The worm is heavily wounded.
You barely miss the worm.
The worm is heavily wounded.
The worm closely misses you.
You barely miss the worm.
The worm is heavily wounded.
The worm bites you!
1278 ||| READING scroll of teleportation.
As you read the scroll of teleportation, it crumbles to dust.
You feel strangely unstable.
You scratch the worm.
The worm is heavily wounded.
The worm bites you!
You die...

#..# #. ^.. #..# #.#..#
#######..#
....###<.......#
.#.........##... ##
##....#####.#.... ..
...... ..#..##
##.##.###..#.# #..#..#
.......@w..#.# ##....##
##..#.####.#.# #...##.
.........#'####....##.
...#.####......#......)
#.....w%.)......# ..<
#...######......# ### .
#......+ ... #......#
#.. #.#+####.# #..


You could see a worm.

Vanquished Creatures
  4 endoplasms
  A giant cockroach (D:2)
  5 goblins
  4 hobgoblins
  2 jackals (D:1)
  A kobold (D:2)
  3 ball pythons (D:2)
  2 bats (D:1)
  4 frilled lizards
  4 rats
30 creatures vanquished.

Notes
Turn   | Place    | Note
-------+----------+-------------------------------------------
     0 | D:1      | qw the Ghoul Fire Elementalist began the quest for the Orb.
     0 | D:1      | Reached XP level 1. HP: 14/14 MP: 2/2
     0 | D:1      | 0 ||| qw: Version: 0.1-a-90-g952f4b7
     0 | D:1      | 0 ||| qw: Game counter: 3671
     0 | D:1      | 0 ||| qw: Always use a shield: true
     0 | D:1      | 0 ||| qw: God list: Okawaru
     0 | D:1      | 0 ||| qw: Allow faded altars: false
     0 | D:1      | 0 ||| qw: Do Orc after D:15 true
     0 | D:1      | 0 ||| qw: Do second Lair branch before Depths: true
     0 | D:1      | 0 ||| qw: Lair rune preference: random
     0 | D:1      | 0 ||| qw: Plans: Normal
     0 | D:1      | 0 ||| PLANNING D:1-11
    27 | D:1      | 27 ||| Stepping ~*~*~tactically~*~*~ (stealth).
    31 | D:1      | 31 ||| Stepping ~*~*~tactically~*~*~ (outnumbered).
    32 | D:1      | 32 ||| Stepping ~*~*~tactically~*~*~ (outnumbered).
    33 | D:1      | 33 ||| Stepping ~*~*~tactically~*~*~ (outnumbered).
    34 | D:1      | 34 ||| Stepping ~*~*~tactically~*~*~ (outnumbered).
    35 | D:1      | 35 ||| Stepping ~*~*~tactically~*~*~ (outnumbered).
    90 | D:1      | Reached skill level 1 in Unarmed Combat
   311 | D:1      | Reached XP level 2. HP: 20/22 MP: 3/3
   360 | D:1      | Reached skill level 1 in Fighting
   654 | D:1      | 654 ||| Stepping ~*~*~tactically~*~*~ (outnumbered).
   655 | D:1      | 655 ||| Stepping ~*~*~tactically~*~*~ (outnumbered).
   919 | D:1      | Found a faded altar of an unknown god.
  1002 | D:1      | 1002 ||| UPGRADING to +0 leather armour.
  1012 | D:1      | 1012 ||| DROPPING +0 robe.
  1013 | D:1      | 1013 ||| READING scroll labelled WUUBAAP ARAPH.
  1014 | D:1      | 1014 ||| READING scroll labelled SEMEVV MI HIC.
  1015 | D:1      | 1015 ||| READING 2 scrolls labelled CACIHE WELOTY.
  1016 | D:1      | 1016 ||| READING scroll labelled ABREZIR PIYK.
  1017 | D:1      | 1017 ||| READING 2 scrolls labelled BAFUAG XUCRY.
  1018 | D:1      | 1018 ||| READING 2 scrolls labelled QELUDUVENNI.
  1022 | D:1      | 1022 ||| DROPPING potion of magic.
  1023 | D:1      | 1023 ||| DROPPING scroll of poison.
  1024 | D:1      | 1024 ||| DROPPING scroll of noise.
  1179 | D:2      | Reached XP level 3. HP: 28/28 MP: 4/4
  1218 | D:2      | 1218 ||| Stepping ~*~*~tactically~*~*~ (stealth).
  1234 | D:2      | 1234 ||| Stepping ~*~*~tactically~*~*~ (stealth).
  1239 | D:2      | 1239 ||| Stepping ~*~*~tactically~*~*~ (outnumbered).
  1250 | D:2      | 1250 ||| FLEEEEING.
  1251 | D:2      | 1251 ||| FLEEEEING.
  1252 | D:2      | 1252 ||| FLEEEEING.
  1254 | D:2      | 1254 ||| FLEEEEING.
  1261 | D:2      | 1261 ||| Stepping ~*~*~tactically~*~*~ (outnumbered).
  1262 | D:2      | 1262 ||| Stepping ~*~*~tactically~*~*~ (outnumbered).
  1264 | D:2      | 1264 ||| Stepping ~*~*~tactically~*~*~ (outnumbered).
  1277 | D:2      | HP: 4/28 [worm (9)]
  1278 | D:2      | 1278 ||| READING scroll of teleportation.
  1279 | D:2      | Mangled by a worm

Levels and vault maps discovered:
D:1:      lightli_arrival_noodles, layout_basic,
          dreamdust_ecumenical_altar_hidden_monk_grotto, minivault_25
D:2:      layout_basic, hex_tiny

Skill      XL: |  1  2 |
---------------+-------+-----
Unarmed Combat | 1 2 |  2.7
Fighting       | 1 |  1.1
Dodging        | |  1.7
Stealth        | |  2.1
Spellcasting   | |  1.7
Conjurations   | |  0.7
Fire Magic     | |  2.4

Action                   || total
-------------------------++-------
Melee: Unarmed           ||   120
       Punch             ||     2
Throw: Boomerang         ||     7
  Use: Scroll            ||     7
Armor: Robe              ||    13
       Leather armour    ||     6
Dodge: Dodged            ||    61

Table legend:
 A = Non-vault XP
 B = Vault XP
 C = Vault XP percentage of total XP
 D = Non-vault monster count
 E = Vault monster count
 F = Vault count percentage of total count
                 A         B        C        D         E       F
            +---------+---------+-------+---------+---------+-------
      Total |      47 |       0 |   0.0 |      30 |       0 |   0.0
            +---------+---------+-------+---------+---------+-------
        D:1 |      25 |       0 |   0.0 |      16 |       0 |   0.0
        D:2 |      22 |       0 |   0.0 |      14 |       0 |   0.0
            +---------+---------+-------+---------+---------+-------
